 Dungeon Crawl Stone Soup version 0.25.1-8-g42b30a86e7 (webtiles) character file.

Game seed: 2867659756728936689

451 Abzac the Magician (level 6, 0/32 HPs)
             Began as a Deep Elf Earth Elementalist on Dec 16, 2020.
             Killed by divine providence
             ... invoked by an orc priest
              (12 damage)
             ... on level 4 of the Dungeon.
             The game lasted 00:17:14 (4158 turns).

Abzac the Magician (Deep Elf Earth Elementalist)    Turns: 4158, Time: 00:17:15

Health: 0/32       AC:  2    Str:  5    XL:     6   Next: 75%
Magic:  0/17       EV: 13    Int: 22    God:
Gold:   169        SH:  0    Dex: 15    Spells: 11/17 levels left

rFire    . . .     SeeInvis .   (no weapon)
rCold    + . .     Gourm    .   (no shield)
rNeg     + . .     Faith    .   c - +0 robe
rPois    .         Spirit   +   (no helmet)
rElec    .         Reflect  .   (no cloak)
rCorr    .         Harm     .   (no gloves)
MR       .....                  (no boots)
Stlth    ++........             p - amulet of guardian spirit
HPRegen  0.10/turn              e - ring of protection from cold
MPRegen  0.15/turn              h - ring of positive energy

@: no status effects
A: no striking features
a: no special abilities


You were on level 4 of the Dungeon.
You were hungry.

You visited 1 branch of the dungeon, and saw 4 of its levels.

You collected 169 gold pieces.

Inventory:

Missiles
 i - 24 sling bullets
Armour
 c - a +0 robe (worn)
Jewellery
 e - a ring of protection from cold (left hand)
 h - a ring of positive energy (right hand)
 p - an amulet of guardian spirit (around neck)
 q - an uncursed amulet of magic regeneration
 r - an uncursed ring of protection from magic
Scrolls
 a - 2 scrolls of enchant weapon {unknown}
 d - a scroll of amnesia {unknown}
 k - 5 scrolls of remove curse
 l - a scroll of noise {unknown}
 m - 3 scrolls of magic mapping {unknown}
 s - a scroll of immolation
 t - 2 scrolls of blinking {unknown}
Potions
 f - 2 potions of degeneration {unknown}
 g - a potion of curing {unknown}
 n - 4 potions of heal wounds {unknown}
Comestibles
 b - 3 chunks of flesh


   Skills:
 - Level 2.4 Dodging
 - Level 2.4 Stealth
 - Level 6.4 Spellcasting
 * Level 3.6 Conjurations
 - Level 2.3 Transmutations
 + Level 5.2 Earth Magic


You had 11 spell levels left.
You knew the following spells:

 Your Spells              Type           Power        Failure   Level  Hunger
a - Sandblast             Erth           ####..       1%          1    None
b - Passwall              Tmut/Erth      ###.....     2%          2    None
c - Stone Arrow           Conj/Erth      ####..       4%          3    #......

Your spell library contained the following spells:

 Spells                   Type           Power        Failure   Level  Hunger
 Petrify                  Tmut/Erth      ###.....     19%         4    ###....
 Lee's Rapid Deconstruct  Erth           ####......   28%         5    #####..


Dungeon Overview and Level Annotations

Branches:
Dungeon (4/15)
 Temple: D:4-7

Altars:

Annotations:
D:3 2 transporters, DearestLeader's ghost, amateur GrIE


Message History

The orc throws a boomerang.
The boomerang closely misses you.
The weapon returns to the orc!
The orc priest calls down the wrath of Beogh upon you.
Beogh smites you! The orc wizard casts a spell at you. The magic dart hits you!
Casting: Stone Arrow (dangerous; 4% risk of failure)
Confirm with . or Enter, or press ? or * to list all spells.
You don't know that spell.
Casting: Stone Arrow (dangerous; 4% risk of failure)
Confirm with . or Enter, or press ? or * to list all spells.
Aiming: Passwall (safe; 2% risk of failure)
Press: ? - help, Dir - move target cursor A rock wall.
This rock feels extremely deep.
As you read the scroll of fog, it crumbles to dust.
The scroll dissolves into smoke.
The orc priest calls down the wrath of Beogh upon you.
Beogh smites you!
You die...

.#.#..###....§§....##[# ......
#§§§§.§.##.##[#### .#.#.
#§§§..#.##.##.##.. )....
#§§§..#..#.##.##.. .#.#
#§§...##.#)##.##.. ....
#§o§..##.#.##.##..
#o....##...##.##..
#......)......##..
###########@....###..#####..
#.....).........# ##.# #..
######.########.###.#####.#####..
...o.......# #.# #..............
######.#.#.# #.# #######>..#####
...###.###.# #.# ###.#
...#.......# #.# #.# o###########
#.# #.# .# #.# #.#


You could see an orc priest and an orc wizard.

Vanquished Creatures
  An ogre (D:4)
  A crimson imp (D:4)
  3 orc priests (D:4)
  A centaur skeleton (D:4)
  A bullfrog skeleton (D:4)
  7 adders
  3 gnolls (D:4)
  A worm (D:2)
  4 dart slugs
  3 leopard geckos
  9 orcs
  A ball python (D:4)
  4 bats
  4 giant cockroaches
  6 hobgoblins
  6 jackals
  8 kobolds
  5 frilled lizards
  5 goblins
  5 rats
78 creatures vanquished.

Vanquished Creatures (others)
  6 plants (D:3)
6 creatures vanquished.

Grand Total: 84 creatures vanquished

Notes
Turn   | Place    | Note
-------+----------+-------------------------------------------
     0 | D:1      | Abzac the Deep Elf Earth Elementalist began the quest for
                  | the Orb.
     0 | D:1      | Reached XP level 1. HP: 10/10 MP: 6/6
    71 | D:1      | Reached XP level 2. HP: 4/15 MP: 0/8
   511 | D:1      | Reached skill level 4 in Spellcasting
   752 | D:1      | Learned a level 2 spell: Passwall
  1091 | D:2      | Reached XP level 3. HP: 19/19 MP: 8/10
  1388 | D:2      | Reached skill level 5 in Spellcasting
  1436 | D:2      | Reached XP level 4. HP: 22/24 MP: 11/13
  1891 | D:3      | Noticed DearestLeader's ghost (amateur GrIE)
  2294 | D:3      | Found a transporter.
  2422 | D:3      | Found a faded altar of an unknown god.
  2744 | D:3      | Found a transporter.
  2914 | D:4      | Noticed an ogre
  2923 | D:3      | Learned a level 3 spell: Stone Arrow
  3027 | D:4      | Reached XP level 5. HP: 28/28 MP: 13/15
  3179 | D:4      | Reached skill level 6 in Spellcasting
  3179 | D:4      | Reached skill level 1 in Conjurations
  3208 | D:4      | Killed an ogre
  3208 | D:4      | Reached XP level 6. HP: 32/32 MP: 13/17
  3619 | D:4      | Reached skill level 5 in Earth Magic
  4158 | D:4      | Killed from afar by an orc priest

Illustrated notes

Levels and vault maps discovered:
D:1:      dpeg_arrival_tiny_a, layout_rooms
D:2:      layout_rooms
D:3:      layout_loops_ring, gammafunk_ghost_gnarly_gnolls,
          chequers_ecumenical_altar_simple, minmay_misc_feat_doors
D:4:      layout_basic, serial_glass, glass_columns_c, glass_columns_a

Skill      XL: |  1  2  3  4  5  6 |
---------------+-------------------+-----
Spellcasting   | 4 5 6 |  6.4
Earth Magic    | 4 5 |  5.2
Transmutations | 2 |  2.3
Conjurations   | 2 3 |  3.6
Dodging        | |  2.4
Stealth        | |  2.4

Action                   |  1- 3 |  4- 6 || total
-------------------------+-------+-------++-------
Melee: Unarmed           |     8 |     3 ||    11
 Cast: Sandblast         |    48 |    53 ||   101
       Passwall          |     1 |     3 ||     4
       Stone Arrow       |       |    28 ||    28
  Use: Scroll            |       |     6 ||     6
  Eat: Chunk             |     1 |     5 ||     6
       Ration            |       |     1 ||     1
Armor: Robe              |     9 |     4 ||    13
Dodge: Dodged            |    49 |    36 ||    85
